 Dungeon Crawl Stone Soup version 0.26-a0-1184-g95e395e029 (webtiles) character file.

Game seed: 8058297762995447873

65783 Arthanis the Severer (level 15, -5/103 HPs)
             Began as a Gargoyle Berserker on Dec 27, 2020.
             Was a High Priest of Trog.
             Killed by divine providence
             ... invoked by an orc high priest
              (13 damage)
             ... on level 2 of the Orcish Mines.
             The game lasted 00:27:09 (18697 turns).

Arthanis the Severer (Gargoyle Berserker)          Turns: 18697, Time: 00:27:10

Health: -5/103     AC: 33    Str: 23    XL:     15   Next: 17%
Magic:  15/15      EV: 22    Int: 12    God:    Trog [*****.]
Gold:   1605       SH:  6    Dex:  9    Spells: 14/14 levels left

rFire    + + .     SeeInvis .   X - +3 war axe
rCold    . . .     Faith    .   M - +2 buckler
rNeg     + . .     Spirit   .   m - +0 plate armour {rF+}
rPois    ∞         Reflect  .   R - +0 helmet
rElec    +         Harm     .   O - +1 cloak {rF+}
rCorr    .         Rampage  .   n - +0 pair of gloves {archery}
Will     ++++.                  W - +2 pair of boots
Stlth    ..........             c - amulet of the acrobat
HPRegen  1.27/turn              L - ring of willpower
MPRegen  0.14/turn              v - +4 ring of slaying

@: about to teleport, berserk cooldown, acrobat, flying, regenerating, slowed,
very slow
A: big wings, negative energy resistance 1, electricity resistance, unbreathing,
petrification resistance, miasma immunity, AC +11
a: Stop Flying, Renounce Religion, Berserk, Trog's Hand, Brothers in Arms


You were on level 2 of the Orcish Mines.
You worshipped Trog.
Trog was extremely pleased with you.
You visited 2 branches of the dungeon, and saw 17 of its levels.
You also visited: Gauntlet and Volcano.

You collected 2403 gold pieces.
You spent 798 gold pieces at shops.

Inventory:

Hand Weapons
 q - the +9 mace "Cookie Cutter" {venom, rF++ rC- Will+ Str+4}
   (You took it off an orc on level 13 of the Dungeon)

   It poisons the flesh of those it strikes.
   It affects your strength (+4).
   It greatly protects you from fire.
   It makes you vulnerable to cold.
   It affects your willpower, your defense against some magical effects.
 G - a +1 trident of flaming
 H - a +0 broad axe of flaming
 S - a +3 battleaxe of flaming
 X - a +3 war axe (weapon)
Missiles
 V - 5 throwing nets
Armour
 m - a +0 plate armour of fire resistance (worn)
 n - a +0 pair of gloves of archery (worn)
 M - a +2 buckler (worn)
 O - a +1 cloak of fire resistance (worn)
 R - a +0 helmet (worn)
 T - a +0 kite shield
 W - a +2 pair of boots (worn)
 Z - a +0 pair of gloves of archery
Jewellery
 c - an amulet of the acrobat (around neck)
 v - a +4 ring of slaying (right hand)
 L - a ring of willpower (left hand)
 U - an uncursed ring of fire
Wands
 o - a wand of disintegration (15)
 t - a wand of polymorph (29)
 z - a wand of iceblast (19)
 C - a wand of enslavement (6)
 F - a wand of flame (57)
Scrolls
 a - a scroll of silence
 d - a scroll of immolation
 g - 7 scrolls of fog
 i - 12 scrolls of remove curse
 k - 6 scrolls of enchant weapon
 r - 2 scrolls of enchant armour
 u - 6 scrolls of teleportation
 w - 5 scrolls of fear
 A - a scroll of blinking
 B - 3 scrolls of magic mapping
 Y - a scroll of holy word
Potions
 b - 3 potions of cancellation
 e - 6 potions of heal wounds
 f - a potion of magic {unknown}
 h - a potion of mutation
 j - 2 potions of invisibility {unknown}
 l - 8 potions of curing
 p - 5 potions of brilliance
 s - 2 potions of might
 x - a potion of experience {unknown}
 y - a potion of flight
 D - 2 potions of haste {unknown}
 E - 5 potions of lignification {unknown}
 I - a potion of berserk rage {unknown}
 J - 2 potions of attraction {unknown}
 K - a potion of resistance
 Q - 4 potions of degeneration {unknown}
Miscellaneous
 N - a lightning rod (4/4)


   Skills:
 + Level 15.3 Fighting
 * Level 17.7 Axes
 - Level 8.0 Armour
 - Level 2.0 Dodging
 - Level 4.0 Shields
 - Level 4.1 Evocations


You had 14 spell levels left.
You didn't know any spells.
Your spell library contained the following spells:

 Spells                   Type           Power        Failure   Level
 Animate Skeleton         Necr           0%           99%         1
 Apportation              Tloc           0%           99%         1
 Corona                   Hex            0%           99%         1
 Pain                     Necr           0%           99%         1
 Summon Small Mammal      Summ           0%           99%         1
 Corpse Rot               Necr/Air       N/A          100%        2
 Vampiric Draining        Necr           0%           100%        3
 Dispel Undead            Necr           0%           100%        4
 Simulacrum               Ice/Necr       0%           100%        6
 Sublimation of Blood     Necr           Unusable     N/A         2

Dungeon Overview and Level Annotations

Branches:
Dungeon (15/15)            Temple (0/1) D:6            Lair (0/6) D:8
    Orc (2/2) D:10            Elf (0/3) Orc:2        Vaults (0/5) D:13
 Depths (0/5) D:15        Volcano (visited)         Gauntlet (visited)

Altars:
Ashenzari
Cheibriados
Dithmenos
Fedhas
Hepliaklqana
Kikubaaqudgha
Makhleb
Nemelex Xobeh
Okawaru
Vehumet
Wu Jian
Xom
Yredelemnul
Zin
Beogh

Shops:
D:5 :   Orc:1 (**=?   Orc:2 (

Annotations:
D:4 1 runed translucent door, ThreePointFourteen's ghost, novice DsCK


Innate Abilities, Weirdness & Mutations

You are resistant to torment.
Your stone body is resilient. (AC +11)
You are immune to poison.
Your large and strong wings let you fly indefinitely.
You resist negative energy. (rN+)
You are resistant to electric shocks. (rElec)
You can survive without breathing.
You are immune to petrification.
You are immune to miasma.


Message History

The puff of flame hits you but does no damage.
The hellwing hits you but does no damage. x2
The orc sorcerer casts a spell.
The orc sorcerer hits you but does no damage.
The orc high priest hits you but does no damage.
The orc priest mumbles some strange prayers to Beogh against you.
Beogh smites you!
Something hits you but does no damage. x2
The hellwing disappears in a puff of smoke!
The orc priest mumbles some strange prayers to Beogh against you.
Beogh smites you!
* * * LOW HITPOINT WARNING * * *
The orc priest calls upon Beogh to heal the orc warrior.
The orc warrior is healed somewhat.
The orc high priest calls down the wrath of Beogh upon you.
Beogh smites you!
* * * LOW HITPOINT WARNING * * *
Items here: ))) [[[ †.
The orc high priest invokes the aid of Beogh against you.
Beogh smites you!
You die...

***∩,,,,,,,∩##*
*,,*,,,,,,**
**∩,,.##.##,,.∩##
*,,,,,,,,,,*
**,,,*#.....#*,..##
*,,,,,,,*,**
*,,**,.......,##..#
*,*,,,,,,**
*,,,,,.......,,...#
***,*,*,**
*,,*,,......4,,#..#
*,,,****
**,,**,....4.o§##))##
**,,,*
*,,,,**....oo.##)).)#
**,**
*,*,,,,,,#{#.oo§@.#.#
***
*,**,,,,,#.#.oo).##.#
*,,***,,,#.#...###..#
**,,*****#.######..##
**...####.####...##
**#...........###
######.######
##########.####
..............#


You could see an orc high priest (strong), a rust devil (summoned), 2 orc
sorcerers, an orc warrior (strong) and 2 orc priests.

Vanquished Creatures
  A frost giant (D:10)
  An ironheart preserver (D:13)
  3 stone giants
  A minotaur (Gauntlet)
  The ghost of ThereIsNoGod the Grappler, a journeyman DrTm of Ashenzari (D:12)
  Fannar (D:11)
  Harold (D:8)
  2 boulder beetles
  2 hydras
  4 centaur warriors
  7 two-headed ogres
  An orc high priest (Orc:2)
  A hell hog (Volcano)
  An unseen horror (D:10)
  4 wizards
  Pikel (D:8)
  6 orc knights
  2 deep elf magi
  A necromancer (D:15)
  3 cyclopes
  19 ugly things
  A wolf spider zombie (D:12)
  2 salamanders (Volcano)
  2 orc sorcerers (Orc:2)
  4 manticores
  The ghost of urnamphora the Ruffian, a novice TrMo (D:6)
  Maurice (D:8)
  A torpor snail (Gauntlet)
  A naga mage (D:15)
  An efreet (D:15)
  7 kobold demonologists
  A redback zombie (D:14)
  A tengu conjurer (D:10)
  11 trolls
  A jumping spider (shapeshifter) (D:15)
  A merfolk (D:10)
  A shadow (D:15)
  A centaur simulacrum (D:15)
  5 flying skulls (Gauntlet)
  4 wraiths
  3 wyverns
  14 yaks
  A steam dragon (D:12)
  A fire bat (Volcano)
  4 vampire mosquitoes (D:15)
  2 soldier ants
  A water moccasin (D:8)
  A warg (Orc:1)
  3 hell hounds
  32 orc warriors
  3 sky beasts
  3 black bears
  6 ice beasts
  A necrophage (D:12)
  6 phantoms
  2 eyes of draining
  2 lemures (D:8)
  18 centaurs
  16 ogres
  An elf zombie (D:11)
  13 big kobolds
  6 bullfrogs
  A gnoll sergeant (D:8)
  A wyvern zombie (D:14)
  A water moccasin zombie (D:8)
  6 scorpions
  A troll zombie (D:11)
  27 killer bees
  12 wights
  6 centaur zombies
  A howler monkey (D:13)
  3 bullfrog zombies
  A human zombie (D:11)
  4 jellies
  14 orc priests
  5 hounds
  3 quasits
  5 bullfrog skeletons
  Crazy Yiuf (D:5)
  22 orc wizards
  4 centaur skeletons
  4 iguanas
  Ijyb (D:5)
  A human skeleton (D:11)
  9 worker ants
  An ogre zombie (D:11)
  2 hound skeletons
  5 mummies
  A worker ant zombie (D:5)
  18 adders
  7 gnolls
  2 shadow imps
  11 white imps
  4 ufetubi
  2 adder skeletons
  An adder zombie (D:7)
  2 worms
  7 leopard geckos
  86 orcs
  10 giant cockroaches
  5 goblins
  8 hobgoblins
  26 jackals
  4 quokkas
  6 ball pythons
  A ball python zombie (D:5)
  7 bats
  6 frilled lizards
  A giant cockroach zombie (D:6)
  23 kobolds
  A leopard gecko zombie (D:5)
  An orc zombie (D:11)
  A quokka simulacrum (D:6)
  A quokka zombie (D:8)
  8 rats
640 creatures vanquished.

Vanquished Creatures (others)
  A centaur (Volcano)
  A white imp (D:10)
  2 bushes (D:10)
  27 fungi
  25 plants
  A withered plant (Gauntlet)
57 creatures vanquished.

Grand Total: 697 creatures vanquished

Notes
Turn   | Place    | Note
-------+----------+-------------------------------------------
     0 | D:1      | Arthanis the Gargoyle Berserker began the quest for the
                  | Orb.
     0 | D:1      | Reached XP level 1. HP: 14/14 MP: 1/1
   308 | D:1      | Reached XP level 2. HP: 14/19 MP: 2/2
   502 | D:1      | Reached skill level 3 in Axes
   929 | D:1      | Reached XP level 3. HP: 23/23 MP: 3/3
  1353 | D:2      | Reached ** piety under Trog
  1401 | D:2      | Found a broken altar of Ashenzari.
  1435 | D:2      | Found a radiant altar of Vehumet.
  1440 | D:2      | Found a blossoming altar of Fedhas.
  1441 | D:2      | Found a glowing silver altar of Zin.
  1441 | D:2      | Noticed an ice beast
  1445 | D:2      | Found a transporter.
  1622 | D:2      | Reached XP level 4. HP: 29/29 MP: 4/4
  1894 | D:2      | Found an ancient bone altar of Kikubaaqudgha.
  2109 | D:2      | Noticed an ogre
  2119 | D:2      | Found a transporter.
  2486 | D:3      | Reached skill level 4 in Axes
  2486 | D:3      | Reached XP level 5. HP: 26/33 MP: 5/5
  2920 | D:2      | Killed an ogre
  2921 | D:2      | Reached XP level 6. HP: 33/39 MP: 6/6
  2926 | D:2      | Killed an ice beast
  3003 | D:4      | You fall into a shaft and drop 2 floors!
  3016 | D:6      | Reached skill level 5 in Axes
  3040 | D:6      | Found a staircase to the Ecumenical Temple.
  3054 | D:6      | Reached *** piety under Trog
  3055 | D:6      | Reached skill level 5 in Fighting
  3055 | D:6      | Reached XP level 7. HP: 36/44 MP: 7/7
  3082 | D:6      | Noticed a wraith
  3312 | D:6      | Found a transporter.
  3312 | D:6      | Noticed urnamphora's ghost (novice TrMo)
  3347 | D:6      | Found a transporter.
  3863 | D:6      | Reached skill level 6 in Axes
  3864 | D:6      | Reached skill level 5 in Armour
  3871 | D:5      | Entered Level 5 of the Dungeon
  3994 | D:4      | Noticed ThreePointFourteen's ghost (novice DsCK)
  3999 | D:4      | Found a runed translucent door.
  4027 | D:4      | Found a sparkling altar of Nemelex Xobeh.
  4304 | D:4      | Reached XP level 8. HP: 51/51 MP: 8/8
  4918 | D:5      | Found a shadowy altar of Dithmenos.
  5181 | D:5      | Reached skill level 7 in Axes
  5218 | D:5      | Found Bitix's Book Shop.
  5393 | D:5      | Reached **** piety under Trog
  5479 | D:5      | Noticed Ijyb
  5492 | D:5      | Killed Ijyb
  5525 | D:5      | Found a runed translucent door.
  5526 | D:5      | Noticed Crazy Yiuf
  5542 | D:5      | Killed Crazy Yiuf
  5869 | D:6      | Reached XP level 9. HP: 50/56 MP: 9/9
  5882 | D:6      | Reached skill level 8 in Axes
  6009 | D:6      | Found an iron altar of Okawaru.
  6543 | D:7      | Found a burning altar of Makhleb.
  6686 | D:7      | Found a shimmering altar of Xom.
  7146 | D:6      | Killed urnamphora's ghost
  7147 | D:6      | Reached skill level 9 in Axes
  7271 | D:8      | Found an ornate altar of the Wu Jian Council.
  7302 | D:8      | Noticed Maurice
  7323 | D:8      | Killed Maurice
  7324 | D:8      | Reached skill level 10 in Axes
  7324 | D:8      | Reached XP level 10. HP: 57/65 MP: 10/10
  7550 | D:8      | Reached ***** piety under Trog
  7891 | D:8      | Found a staircase to the Lair.
  7940 | D:8      | Noticed Pikel
  7949 | D:8      | Killed Pikel
  7950 | D:8      | Reached skill level 11 in Axes
  7950 | D:8      | Reached skill level 1 in Evocations
  7975 | D:8      | Noticed a two-headed ogre
  8004 | D:8      | Killed a two-headed ogre
  8114 | D:8      | Found a snail-covered altar of Cheibriados.
  8114 | D:8      | Noticed Harold
  8134 | D:8      | Killed Harold
  8135 | D:8      | Reached skill level 10 in Fighting
  8135 | D:8      | Reached XP level 11. HP: 72/72 MP: 11/11
  8428 | D:9      | Received a gift from Trog
  8656 | D:9      | Noticed a two-headed ogre
  8670 | D:9      | Killed a two-headed ogre
  8671 | D:9      | Reached skill level 12 in Axes
  9031 | D:10     | Entered Level 10 of the Dungeon
  9613 | D:10     | Found a staircase to the Orcish Mines.
  9932 | D:11     | Noticed a brown ugly thing
  9943 | D:11     | Killed a brown ugly thing
 10121 | D:11     | Noticed a green ugly thing
 10128 | D:11     | Killed a green ugly thing
 10129 | D:11     | Reached skill level 13 in Axes
 10172 | D:11     | Found a hazy altar of Hepliaklqana.
 10399 | D:10     | Noticed a cyclops
 10409 | D:10     | Killed a cyclops
 10411 | D:10     | Received a gift from Trog
 10512 | D:10     | Noticed a frost giant
 10513 | D:10     | Noticed a stone giant
 10559 | D:11     | Killed a stone giant
 10560 | D:11     | Reached XP level 12. HP: 18/80 MP: 12/12
 10861 | D:10     | Killed a frost giant
 11264 | D:11     | Noticed Fannar
 11294 | D:11     | Killed Fannar
 11295 | D:11     | Reached skill level 14 in Axes
 11295 | D:11     | Reached skill level 1 in Shields
 11570 | D:11     | Found a basalt altar of Yredelemnul.
 12228 | D:12     | Noticed a centaur warrior
 12233 | D:12     | Killed a centaur warrior
 12385 | D:12     | Found a runed translucent gate.
 12386 | D:12     | Found a runed translucent gate.
 12386 | D:12     | Noticed ThereIsNoGod's ghost (journeyman DrTm)
 12386 | D:12     | Identified the +10 dagger "Dragon's Tongue" {drain, rElec
                  | Will+ Str+3 Int+3}
 12387 | D:12     | Found a runed translucent gate.
 12387 | D:12     | Identified the +8 dagger "Killer Bee's Bane" {drain, Str+4}
 12581 | D:12     | Noticed a boulder beetle
 12606 | D:12     | Killed a boulder beetle
 12712 | D:12     | Noticed a seven-headed hydra
 12721 | D:12     | Killed a seven-headed hydra
 12891 | D:12     | Reached XP level 13. HP: 87/87 MP: 13/13
 12946 | D:12     | Killed ThereIsNoGod's ghost
 13539 | D:13     | Noticed an ironheart preserver
 13540 | D:13     | Found a gate to the Vaults.
 13575 | D:13     | Killed an ironheart preserver
 13819 | D:13     | Identified the +9 mace "Cookie Cutter" {venom, rF++ rC-
                  | Will+ Str+4}
 13946 | D:13     | Reached skill level 15 in Axes
 15435 | D:14     | You fall into a shaft and drop 1 floor!
 15435 | D:15     | Entered Level 15 of the Dungeon
 15972 | D:14     | Gained mutation: Your large and strong wings let you fly
                  | indefinitely. [Gargoyle growth]
 15972 | D:14     | Reached XP level 14. HP: 95/95 MP: 4/14
 16089 | D:15     | Reached skill level 16 in Axes
 16694 | D:15     | Found a roughly hewn altar of Beogh.
 16706 | D:15     | Received a gift from Trog
 16988 | D:15     | Found a staircase to the Depths.
 17260 | Orc:1    | Entered Level 1 of the Orcish Mines
 17260 | Orc:1    | Noticed a stone giant
 17279 | Orc:1    | Killed a stone giant
 17362 | Orc:2    | Entered Level 2 of the Orcish Mines
 17369 | Orc:2    | Found a gate leading to a gauntlet.
 17378 | Gauntlet | Entered a Gauntlet
 17378 | Gauntlet | Found a transporter.
 17378 | Gauntlet | Found a transporter.
 17378 | Gauntlet | Noticed an entropy weaver
 17389 | Gauntlet | Found a transporter.
 17389 | Gauntlet | Found a transporter.
 17428 | Gauntlet | Found a transporter.
 17429 | Gauntlet | Found a transporter.
 17458 | Gauntlet | Found a transporter.
 17475 | Gauntlet | Reached skill level 17 in Axes
 17480 | Gauntlet | Found a transporter.
 17516 | Gauntlet | Found a transporter.
 17516 | Gauntlet | Paralysed by a wizard for 5 turns
 17555 | Gauntlet | Identified the Papyrus of Stolen Souls
 17604 | Gauntlet | Identified the ring "Iqaky" {rElec rF+ rN+}
 17657 | Orc:1    | Found Hiq Qae's Magic Scroll Shoppe.
 17671 | Orc:1    | Found Jurphaog's General Store.
 17691 | Orc:1    | Bought a scroll of teleportation for 51 gold pieces
 17691 | Orc:1    | Bought a scroll of identify for 34 gold pieces
 17691 | Orc:1    | Bought a scroll of teleportation for 51 gold pieces
 17691 | Orc:1    | Bought a scroll of magic mapping for 59 gold pieces
 17699 | Orc:1    | Bought a potion of mutation for 104 gold pieces
 17699 | Orc:1    | Bought a potion of flight for 39 gold pieces
 17699 | Orc:1    | Bought a potion of curing for 39 gold pieces
 17699 | Orc:1    | Bought 3 scrolls of fog for 78 gold pieces
 17699 | Orc:1    | Bought a potion of heal wounds for 65 gold pieces
 17699 | Orc:1    | Bought a scroll of vulnerability for 97 gold pieces
 17732 | Orc:1    | Found Ittailuf's Jewellery Emporium.
 17767 | Orc:1    | Found Qypor's Assorted Antiques.
 17786 | Orc:1    | Noticed a stone giant
 17803 | Orc:1    | Killed a stone giant
 17829 | Orc:1    | Found a dark tunnel.
 17848 | Volcano  | Entered a volcano
 17869 | Volcano  | Reached skill level 15 in Fighting
 18010 | Volcano  | Reached XP level 15. HP: 103/103 MP: 15/15
 18166 | Orc:1    | Found Giklitt's Antique Weapon Emporium.
 18170 | Orc:1    | Received a gift from Trog
 18231 | Orc:1    | Bought a potion of heal wounds for 130 gold pieces
 18231 | Orc:1    | Bought a bubbling puce potion for 23 gold pieces
 18249 | Orc:1    | Bought a cursed amulet of inaccuracy for 28 gold pieces
 18422 | Orc:2    | Found a staircase to the Elven Halls.
 18651 | Orc:2    | Found Unuege's Antique Weapon Shoppe.
 18697 | Orc:2    | Killed from afar by an orc high priest

Illustrated notes

Levels and vault maps discovered:
D:1:      lemuel_arrival_muddy, layout_loops_ring, st_stairs_9, nrook_uturn
D:2:      layout_loops_cross, nicolae_ashenzari_panopticon, lemuel_round_altar,
          gammafunk_temple_overflow_arena, minmay_crystal_room
D:3:      layout_basic
D:4:      layout_gridville, lemuel_round_altar, hellmonk_ghost_happy_afterlife
D:5:      layout_cave_pools, basic_altar, serial_shops, shop,
          uniq_crazy_yiuf_cottage, uniq_ijyb
D:6:      layout_rooms, marbit_many_paths, minmay_temple_entry_offerings,
          gammafunk_ghost_mausoleum, st_stairs_1
D:7:      layout_loops_corners, kennysheep_mini_moat, lemuel_round_altar
D:8:      layout_rooms, overflow_temple_1_default,
          grunt_lair_entry_orc_guard_hut, basic_altar, uniq_maurice, uniq_pikel,
          uniq_harold
D:9:      layout_long_grid, eino_tiny_chamber
D:10:     minmay_klotski, layout_irregular_city, hangedman_fish_farm
D:11:     layout_loops_ring, basic_altar, lemuel_mausoleum_altar_yredelemnul,
          uniq_fannar
D:12:     layout_roguey, gammafunk_ghost_nasty_kobolds
D:13:     layout_gridville, skrybe_vaults_entry_preservation
D:14:     layout_basic, chequers_serial_rivers_room_a, serial_curves,
          eino_curves_04, eino_curves_02
D:15:     grunt_enter_depths_magical_seal, layout_cave_pools,
          roderic_roman_lattice, special_room [special_room_orc], minivault_12
Orc:1:    layout_diamond_mine, serial_shops, shop_fountains, shop, shop,
          shop_statue, nicolae_shop_overgrown_old_shop, enter_volcano_3
Orc:2:    st_orc_elflike, layout_caves, gauntlet_entry_generic

Skill      XL: |  1  2  3  4  5  6  7  8  9 10 11 12 13 14 |
---------------+-------------------------------------------+-----
Axes           | 3 4 5 6 7 10 11 13 14 15 17 | 17.7
Dodging        | 2 |  2.0
Armour         | 3 4 5 6 7 8 |  8.0
Fighting       | 4 5 6 8 10 11 12 13 15 | 15.3
Evocations     | 2 3 4 |  4.1
Shields        | 3 4 |  4.0

Action                   |  1- 3 |  4- 6 |  7- 9 | 10-12 | 13-15 || total
-------------------------+-------+-------+-------+-------+-------++-------
Melee: Hand axe          |   133 |   159 |   433 |       |       ||   725
       War axe           |       |       |    33 |   629 |   774 ||  1436
       Flail             |       |       |       |     6 |       ||     6
       Mace              |       |       |       |       |    29 ||    29
Invok: Berserk           |     1 |     2 |     8 |    20 |    13 ||    44
       Trog's Hand       |       |     1 |     1 |     5 |    15 ||    22
       Brothers in Arms  |       |       |       |       |     1 ||     1
 Abil: Fly               |       |       |       |       |     1 ||     1
  Use: Scroll            |       |       |       |    10 |     9 ||    19
 Stab: Sleeping          |     1 |       |       |       |       ||     1
Armor: Animal skin       |    43 |    21 |       |       |       ||    64
       Plate armour      |       |    55 |   336 |   495 |   473 ||  1359
Dodge: Dodged            |    93 |   104 |   192 |   300 |   240 ||   929
Block: Buckler           |       |       |       |    37 |   192 ||   229

Table legend: (Time is in decaauts)
 A = Elapsed time spent in this place.
 B = Non-inter-level travel time spent in this place.
 C = Inter-level travel time spent in this place.
 D = Time resting spent in this place.
 E = Time spent auto-exploring this place.
 F = Levels seen in this place.
 G = Mean time per level.
                   A        B        C        D        E       F      G
               +--------+--------+--------+--------+--------+-----+--------+
         Total |  18784 |  17956 |    828 |    320 |  13454 |  19 |  988.6 |
       Dungeon |  17370 |  16548 |    822 |    284 |  13014 |  15 | 1158.0 |
  Orcish Mines |    920 |    914 |      6 |      0 |    422 |   2 |  460.0 |
       Volcano |    244 |    244 |      0 |      0 |     18 |   1 |  244.0 |
      Gauntlet |    248 |    248 |      0 |     36 |      0 |   1 |  248.0 |
               +--------+--------+--------+--------+--------+-----+--------+

Top non-repeatable levels by time:
    D:12: 1534 daAuts
    D:10: 1449 daAuts
    D:14: 1407 daAuts
    D:11: 1344 daAuts
     D:6: 1268 daAuts
    D:13: 1238 daAuts
     D:2: 1211 daAuts
     D:1: 1154 daAuts
     D:7: 1151 daAuts
     D:8: 1091 daAuts
    D:15: 1073 daAuts
     D:4: 972 daAuts
     D:5: 938 daAuts
     D:9: 844 daAuts
     D:3: 690 daAuts
